 Dungeon Crawl Stone Soup version 0.17-a0-1069-g92ad481 (webtiles) character file.

418 mefis231 the Cudgeler (level 6, -6/37 HPs)
             Began as a Gargoyle Fighter on May 17, 2015.
             Was a Follower of Makhleb.
             Mangled by an ogre
             ... wielding a +0 giant spiked club
              (10 damage)
             ... on level 4 of the Dungeon.
             The game lasted 00:05:54 (3034 turns).

mefis231 the Cudgeler (Gargoyle Fighter)            Turns: 3034, Time: 00:05:55

Health: -6/37      AC: 11    Str: 19    XL:     6   Next: 93%
Magic:  8/8        EV:  3    Int: 11    God:    Makhleb [*.....]
Gold:   158        SH:  9    Dex:  9    Spells: 0 memorised, 5 levels left

rFire  . . .     SeeInvis .     a - +0 flail
rCold  + . .     Clarity  .     o - +0 ring mail {rC+}
rNeg   + . .     SustAb   .     c - +0 shield
rPois  ∞         Gourm    .     (no helmet)
rElec  +         Spirit   .     (no cloak)
rCorr  .         Warding  .     n - +0 pair of gloves
rMut   .         Stasis   .     (no boots)
MR     .....                    (no amulet)
Stlth  ..........               (no ring)
                                (no ring)

@: not resistant to hostile enchantments, extremely unstealthy
A: negative energy resistance 1, electricity resistance, unbreathing,
petrification resistance, rot immunity, AC +4
a: Renounce Religion


You were on level 4 of the Dungeon.
You worshipped Makhleb.
Makhleb was aware of your devotion.
You were not hungry.

You visited 1 branch of the dungeon, and saw 4 of its levels.

You collected 158 gold pieces.

Inventory:

Hand weapons
 a - a +0 flail (weapon)
Armour
 b - a +0 scale mail
 c - a +0 shield (worn)
 n - a +0 pair of gloves (worn)
 o - a +0 ring mail of cold resistance (worn)
 t - a +0 chain mail
Magical devices
 d - a wand of draining (5)
 v - a wand of slowing (30)
Scrolls
 f - 2 scrolls of magic mapping {unknown}
 i - 3 scrolls of remove curse {unknown}
 j - 2 scrolls of random uselessness {unknown}
 p - a scroll of amnesia {unknown}
 w - a scroll of recharging {unknown}
Potions
 g - a potion of haste {unknown}
 l - 3 potions of curing
 q - a potion of agility {unknown}
 r - 2 potions of heal wounds {unknown}
 s - a potion of magic {unknown}
 u - 2 potions of resistance {unknown}
Comestibles
 e - 3 bread rations
 h - 4 fruits
 k - 5 chunks of flesh
 m - a meat ration


   Skills:
 - Level 3.2 Fighting
 * Level 6.4 Maces & Flails
 - Level 3.2 Armour
 - Level 3.2 Shields
 + Level 3.1 Invocations


You had 5 spell levels left.
You didn't know any spells.

Dungeon Overview and Level Annotations

Branches:
Dungeon (4/15)
 Temple: D:4-7

Altars:
Fedhas
Makhleb
Vehumet


Innate Abilities, Weirdness & Mutations

You are resistant to torment.
Your stone body is resilient (AC +4).
You are immune to poison.
You resist negative energy.
You are resistant to electric shocks.
You can survive without breathing.
You are immune to petrification.
You are immune to rotting.


Message History

You block the centaur skeleton's attack.
You block the worker ant's attack.
You sock the centaur skeleton! You block the bat's attack.
The centaur skeleton hits you. The worker ant barely misses you.
You hit the centaur skeleton. You block the bat's attack.
The centaur skeleton hits you. You block the ogre's attack.
You block the worker ant's attack.
You block the centaur skeleton's attack.
You hit the centaur skeleton. The bat hits you but does no damage.
The worker ant barely misses you. The bat closely misses you.
You block the centaur skeleton's attack.
The ogre hits you with a giant spiked club!!
Ouch! That really hurt!
* * * LOW HITPOINT WARNING * * *
The worker ant barely misses you.
You block the centaur skeleton's attack.
You block the bat's attack.
The worker ant bites you but does no damage.
The ogre hits you with a giant spiked club!
You die...

.. # .. ...
#. . .. #..
.#.. #..###..
.##..#...
.......Z###.#
[......b@O..#
######a##...#
#...o........
#........####
#...%..o....
#.........Z.
#...........
####..<...{Z
.........


You could see an ogre, a worker ant, an orc, a bat and a centaur skeleton.

Vanquished Creatures
  The ghost of Ontamu the Cudgeler, an average GrFi (D:3)
  An ogre (D:3)
  A hound (D:2)
  A worker ant (D:3)
  An orc wizard (D:3)
  5 adders
  A worm (D:2)
  2 giant geckos
  8 orcs
  6 bats
  2 giant cockroaches
  5 goblins
  3 hobgoblins (D:2)
  3 jackals (D:3)
  11 kobolds
  3 quokkas
  5 giant newts
  11 rats
70 creatures vanquished.

Vanquished Creatures (others)
  An orc wizard (D:3)
  A goblin (D:2)
2 creatures vanquished.

Grand Total: 72 creatures vanquished

Notes
Turn   | Place    | Note
--------------------------------------------------------------
     0 | D:1      | mefis231 the Gargoyle Fighter began the quest for the Orb.
     0 | D:1      | Reached XP level 1. HP: 14/14 MP: 1/1
   193 | D:1      | Reached XP level 2. HP: 19/19 MP: 2/2
   857 | D:2      | Reached XP level 3. HP: 20/23 MP: 3/3
   938 | D:2      | Reached skill level 4 in Maces & Flails
  1095 | D:2      | Found a burning altar of Makhleb.
  1099 | D:2      | Reached XP level 4. HP: 24/28 MP: 4/4
  1107 | D:2      | Became a worshipper of Makhleb the Destroyer
  1165 | D:2      | Found a radiant altar of Vehumet.
  1406 | D:2      | Found a blossoming altar of Fedhas.
  1981 | D:3      | Reached skill level 1 in Invocations
  1981 | D:3      | Reached XP level 5. HP: 13/32 MP: 5/5
  1984 | D:3      | Reached skill level 5 in Maces & Flails
  2240 | D:3      | Noticed Ontamu's ghost (average GrFi)
  2250 | D:3      | Killed Ontamu's ghost
  2250 | D:3      | Reached XP level 6. HP: 37/37 MP: 5/7
  2577 | D:3      | Acquired Makhleb's first power
  2592 | D:3      | Reached skill level 6 in Maces & Flails
  3034 | D:4      | Mangled by an ogre

Vault maps used:
D:1:      lightli_arrival_quake, solitary_fountain
D:2:      makhleb_blood_cavern_becter, fedhas_altar_4, fiery_altar_vehumet,
          nrook_mini_vaults, moated_statue
D:3:      first_bread, minivault_4, grunt_ministairs_15, st_stairs_14
D:4:      nicolae_qazlal_general_emergency, serial_shops, shop

Action                   |  1- 3 |  4- 6 || total
-------------------------+-------+-------++-------
Melee: Flail             |   126 |   149 ||   275
  Use: Potion            |       |     1 ||     1
       Scroll            |       |     3 ||     3
  Eat: Chunk             |     1 |     6 ||     7
